 Dungeon Sprint DCSS version 0.19.5 (webtiles) character file.

430 JeffiDaFish the Fighter (level 6, 0/80 HPs)
             Began as an Ogre Berserker on Dec 9, 2017.
             Was a Believer of Trog.
             Succumbed to Sonja's poison
             ... in the Dungeon (Sprint I: "Red Sonja").
             The game lasted 00:02:22 (829 turns).

JeffiDaFish the Fighter (Ogre Berserker)             Turns: 829, Time: 00:02:23

Health: 0/80       AC:  4    Str: 23    XL:     6   Next: 99%
Magic:  6/6        EV: 13    Int:  6    God:    Trog [**....]
Gold:   135        SH:  0    Dex: 11    Spells: 0 memorised, 5 levels left

rFire  + . .     SeeInvis .     e - +0 scythe
rCold  . . .     Gourm    .     b - +0 animal skin
rNeg   . . .     Faith    .     (shield currently unavailable)
rPois  .         Spirit   .     (helmet restricted)
rElec  .         Reflect  .     k - +0 cloak "Veawox" {rF+} (curse)
rCorr  .         Harm     .     (gloves unavailable)
MR     .....     NoTele   +     (boots unavailable)
Stlth  +.........               (no amulet)
                                (no ring)
                                (no ring)

@: lethally poisoned (0 -> -32), very slightly contaminated, slowed, very slow
A: unfitting armour, tough skin 1
a: Berserk, Trog's Hand, Burn Spellbooks, Renounce Religion


You were in the Dungeon.
You worshipped Trog.
Trog was pleased with you.
You were very hungry.

You visited 1 branch You collected 315 gold pieces.
You spent 180 gold pieces at shops.

Inventory:

Hand Weapons
 a - a +0 spear
 e - a +0 scythe (weapon)
Armour
 b - a +0 animal skin (worn)
 k - the cursed +0 cloak "Veawox" (worn) {rF+}
   (You bought it in a shop in the Dungeon)

   It protects you from fire.
   It has a curse placed upon it.
Potions
 f - a potion of haste
 g - 2 potions of magic
 h - a potion of berserk rage
Comestibles
 c - a bread ration
 j - a meat ration


   Skills:
 + Level 11.2 Fighting
 + Level 9.3 Polearms
 + Level 7.7 Dodging
 + Level 1.0 Stealth


You had 5 spell levels left.
You didn't know any spells.

Dungeon Overview and Level Annotations

Branches:
Dungeon (1/1)

Altars:
Cheibriados
Dithmenos
Elyvilon
Fedhas
Gozag
Hepliaklqana
Kikubaaqudgha
Nemelex Xobeh
Okawaru
Qazlal
Ru
Sif Muna
Trog
Uskayaw
Vehumet
Yredelemnul
Zin
The Shining One

Shops:
D [

Annotations:
D Sonja


Innate Abilities, Weirdness & Mutations

You are too large for most types of armour.
You have tough skin. (AC +1)


Message History

You feel better.
Sonja hits you with an uncursed short sword of venom!
* * * LOW HITPOINT WARNING * * *
You are poisoned.
Sonja hits you with an uncursed short sword of venom!
* * * LOW HITPOINT WARNING * * *
You are more poisoned.
Sonja hits you with an uncursed short sword of venom.
* * * LOW HITPOINT WARNING * * *
You are more poisoned.
Sonja barely misses you.
Sonja hits you with an uncursed short sword of venom.
* * * LOW HITPOINT WARNING * * *
You are more poisoned.
Sonja barely misses you.
Blink to where?
Press: ? - help, Dir - move target cursor, p - Sonja You are very lightly contaminated with residual magic.
As you read the scroll of blinking, it crumbles to dust.
You die...

################
#<.#..)..#.['..#
#..)..#..'..#..+
#..#####'#####'#
#..####..#...#@#
#..#__####..##.#
#..#_____##'#..+
#⌠⌠#_.∩...K.(._#
####_..__##§.#+#
#_____###'#
####### #.# $.$
$.$#


There were no monsters in sight!

Vanquished Creatures
  Sigmund (D)
  A yak (D)
  An ogre (D)
  A jelly (D)
  Ijyb (D)
5 creatures vanquished.

Vanquished Creatures (others)
  A gargoyle (D)
1 creature vanquished.

Grand Total: 6 creatures vanquished

Notes
Turn   | Place    | Note
-------+----------+-------------------------------------------
     0 | D        | JeffiDaFish the Ogre Berserker began the quest for the Orb.
     0 | D        | Reached XP level 1. HP: 24/24 MP: 1/1
     2 | D        | Noticed Ijyb
     6 | D        | Killed Ijyb
     6 | D        | Reached skill level 5 in Fighting
     6 | D        | Reached XP level 2. HP: 36/36 MP: 2/2
     6 | D        | Reached XP level 3. HP: 44/44 MP: 3/3
    48 | D        | Noticed an ogre
    52 | D        | Killed an ogre
    52 | D        | Reached skill level 7 in Fighting
    52 | D        | Reached skill level 5 in Dodging
    52 | D        | Reached XP level 4. HP: 57/57 MP: 4/4
    86 | D        | Noticed Sigmund
   123 | D        | Killed Sigmund
   123 | D        | Reached ** piety under Trog
   123 | D        | Reached skill level 10 in Fighting
   123 | D        | Reached XP level 5. HP: 22/68 MP: 5/5
   123 | D        | Reached XP level 6. HP: 25/78 MP: 6/6
   351 | D        | Killed a gargoyle
   363 | D        | Found a deep blue altar of Sif Muna.
   365 | D        | Found a radiant altar of Vehumet.
   552 | D        | Found Ehossot's Antique Armour Emporium.
   552 | D        | Found an ancient bone altar of Kikubaaqudgha.
   552 | D        | Found a hazy altar of Hepliaklqana.
   552 | D        | Found a hide-covered altar of Uskayaw.
   552 | D        | Found a basalt altar of Yredelemnul.
   552 | D        | Found an opulent altar of Gozag.
   552 | D        | Found a snail-covered altar of Cheibriados.
   552 | D        | Found a sacrificial altar of Ru.
   552 | D        | Found a shadowy altar of Dithmenos.
   552 | D        | Noticed a yak
   558 | D        | Killed a yak
   558 | D        | Reached skill level 11 in Fighting
   558 | D        | Reached skill level 1 in Stealth
   804 | D        | Found a stormy altar of Qazlal.
   804 | D        | Found a blossoming altar of Fedhas.
   804 | D        | Found a bloodstained altar of Trog.
   804 | D        | Found an iron altar of Okawaru.
   804 | D        | Found a glowing golden altar of the Shining One.
   804 | D        | Found a glowing silver altar of Zin.
   804 | D        | Found a white marble altar of Elyvilon.
   805 | D        | Found a sparkling altar of Nemelex Xobeh.
   809 | D        | Bought a faintly humming cloak for 180 gold pieces
   814 | D        | Identified the cursed +0 cloak "Veawox" {rF+} (You bought it in a shop in the Dungeon)
   821 | D        | Noticed Sonja
   829 | D        | Succumbed to Sonja's poison

Skill      XL: |  1  2  3  4  5  6 |
---------------+-------------------+-----
Fighting       | 5 7 10 11 | 11.2
Polearms       | 4 6 8 9 |  9.3
Dodging        | 3 5 6 7 |  7.7
Stealth        | 1 |  1.0

Action                   |  1- 3 |  4- 6 || total
-------------------------+-------+-------++-------
Melee: Spear             |     8 |    16 ||    24
       Scythe            |       |    15 ||    15
Invok: Berserk           |     2 |     1 ||     3
  Use: Potion            |       |     2 ||     2
       Scroll            |       |     1 ||     1
  Eat: Chunk             |       |     1 ||     1
Armor: Animal skin       |       |     6 ||     6
Dodge: Dodged            |     1 |    21 ||    22
